 Dungeon Crawl Stone Soup version 0.30-a0-134-gb40fab5 (webtiles) character file.

Game seed: 1233791015240640925

694 PublicAnimeNo1 the Cudgeller (level 7, -1/51 (55) HPs)
             Began as a Demonspawn Cinder Acolyte on Sept 19, 2022.
             Was a Priest of Ignis.
             Slain by a wight
             ... wielding a +4 dire flail of freezing
              (12 damage)
             ... on level 4 of the Dungeon on Sept 20, 2022.
             The game lasted 00:06:38 (4624 turns).

PublicAnimeNo1 the Cudgeller (DsCA)                 Turns: 4624, Time: 00:06:38

HP:   -1/51 (55)    AC: 11    Str: 17    XL:     7   Next: 37%
MP:   7/10          EV: 15    Int: 15    God:    Ignis [***...]
Gold: 221           SH:  4    Dex: 13    Spells: 8/10 levels left

rFire   . . .      SeeInvis .    m - +0 flail
rCold   . . .      Faith    .    (no shield)
rNeg    . . .      Spirit   .    k - +0 leather armour
rPois   .          Reflect  .    (no helmet)
rElec   +          Harm     .    (no cloak)
rCorr   +          Rampage  .    (no gloves)
Will    .....                    s - +0 pair of boots
Stlth   +.........               t - amulet of magic regeneration
HPRegen 0.17/turn                d - ring of Midnight {rElec rF- rCorr Dex+5 Slay+4}
MPRegen 0.52/turn                w - +4 ring of evasion

@: fiery-armoured, very slightly contaminated, drained
A: hooves 1, spiny 2, condensation shield
a: Renounce Religion, Fiery Armour, Foxfire Swarm, Rising Flame


You were on level 4 of the Dungeon.
You worshipped Ignis.
Ignis was most pleased with you.
You visited 1 branch of the dungeon, and saw 4 of its levels.
You also visited: Sewer.

You collected 221 gold pieces.

Inventory:

Hand Weapons
 a - a -1 mace of flaming
 j - a +0 whip
 m - a +0 flail (weapon)
 v - a +1 dagger of venom
Armour
 b - a +0 robe
 k - a +0 leather armour (worn)
 s - a +0 pair of boots (worn)
Jewellery
 d - the ring of Midnight (left hand) {rElec rF- rCorr Dex+5 Slay+4}
   (You acquired it on level 3 of the Dungeon)

   [ring of slaying]

   Dex:       It affects your dexterity (+5).
   Slay:      It affects your accuracy & damage with ranged weapons and melee
   (+4).
   rF:        It makes you vulnerable to fire.
   rElec:     It insulates you from electricity.
   rCorr:     It protects you from acid and corrosion.
 o - a ring of flight
 t - an amulet of magic regeneration (around neck)
 w - a +4 ring of evasion (right hand)
Scrolls
 c - 2 scrolls of poison
 e - 2 scrolls of amnesia
 l - a scroll of blinking {unknown}
 r - 2 scrolls of teleportation
 y - a scroll of immolation {unknown}
 z - a scroll of fear
Potions
 f - 2 potions of lignification
 g - a potion of might {unknown}
 h - a potion of mutation {unknown}
 i - a potion of ambrosia {unknown}
 n - a potion of haste {unknown}
 p - 5 potions of flight
 q - 3 potions of heal wounds {unknown}
 u - 2 potions of resistance {unknown}
 x - a potion of curing {unknown}


   Skills:
 + Level 4.7 Fighting
 * Level 5.5 Maces & Flails
 + Level 2.4 Armour
 - Level 2.0 Spellcasting
 - Level 4.0 Fire Magic


You had 8 spell levels left.
You knew the following spells:

 Your Spells              Type           Power      Damage    Failure   Level
a - Scorch                Fire           26%        2d6       8%          2

Your spell library contained the following spells:

 Spells                   Type           Power      Damage    Failure   Level
 Shock                    Conj/Air       4%         1d3       26%         1
 Swiftness                Air            1%         N/A       61%         3
 Airstrike                Air            0%         2d(1-17)  95%         4


Dungeon Overview and Level Annotations

Branches:
Dungeon (4/15)              Sewer (visited)
 Temple: D:4-7

Altars:
Ashenzari
Kikubaaqudgha

Annotations:
D:2 1 runed translucent door, Crazy Yiuf
D:3 3 runed translucent doors, JaredAshtonScott's ghost, weakling DgTm


Innate Abilities, Weirdness & Mutations

You have large cloven feet.
You are mostly covered in sharp spines.
A meltable shield of frost defends you. (SH +4)


Message History

Press: ? - help, Q - select action Dir - look around, f - activate Flames lash the bullfrog zombie.
The bullfrog zombie is heavily damaged.
The bullfrog zombie's fire resistance burns away.
The bullfrog zombie closely misses you.
Casting: Scorch (safe; 8% risk of failure)
Press: ? - help, Q - select action Dir - look around, f - activate Flames lash the bullfrog zombie.
The bullfrog zombie is burned terribly!
The bullfrog zombie is severely damaged.
The bullfrog zombie hits you.
You sock the bullfrog zombie!
You destroy the bullfrog zombie!
No target in view!
You open the door.
A wight comes into view.
It is wielding a +4 dire flail of freezing.
A wight is nearby!
Casting: Scorch (safe; 8% risk of failure)
Press: ? - help, Q - select action Dir - look around, f - activate You miscast Scorch.
You are very lightly contaminated with residual magic.
Nothing appears to happen.
The wight is struck by your spines.
The wight hits you with a +4 dire flail of freezing!
You feel drained. The wight freezes you.
Casting: Scorch (safe; 8% risk of failure)
Press: ? - help, Q - select action Dir - look around, f - activate Flames lash the wight.
The wight is lightly damaged.
The wight's fire resistance burns away.
The wight hits you with a +4 dire flail of freezing!
You feel drained.
* * * LOW HITPOINT WARNING * * *
The wight freezes you.
* * * LOW HITPOINT WARNING * * *
Okay, then.
You aren't carrying any items that you can evoke.
Unknown command.
A protective cloak of flame settles atop you.
The wight hits you with a +4 dire flail of freezing!
You die...

############# #.#_#.#)#.#.#
#######'#'#'#'#'#'#
.....'..........@.#
#######)#'#'#'#'#z###############
....8##.#.#.#.#.#.#..............
.################################
.# #.##............#
.################.##.##########.#
................#.#..........##.#
................#.#..........##.#
................#.#..#.......##.#


You could see a wight (combustible).

Vanquished Creatures
  A necrophage (D:4)
  2 wights (D:4)
  A bullfrog zombie (D:4)
  A hound (D:4)
  A human zombie (D:4)
  A jelly (D:4)
  An iguana (D:4)
  Terence (D:2)
  A merfolk siren (Sewer)
  A merfolk avatar (Sewer)
  A hound zombie (D:4)
  4 mummies (D:4)
  4 gnolls (D:4)
  5 adders
  2 river rats (Sewer)
  3 worms (D:2)
  5 dart slugs
  13 orcs
  12 ball pythons
  4 bats
  6 endoplasms
  5 giant cockroaches
  7 goblins
  9 hobgoblins
  6 kobolds
  5 quokkas
  7 frilled lizards
  A quokka zombie (D:4)
  28 rats
138 creatures vanquished.

Vanquished Creatures (others)
  26 foxfires
26 creatures vanquished.

Grand Total: 164 creatures vanquished

Notes
Turn   | Place    | Note
-------+----------+-------------------------------------------
     0 | D:1      | PublicAnimeNo1 the Demonspawn Cinder Acolyte began the
                  | quest for the Orb.
     0 | D:1      | Reached XP level 1. HP: 18/18 MP: 2/2
   603 | D:1      | Found a faded altar of an unknown god.
   674 | D:1      | Gained mutation: You have large cloven feet. [demonic
                  | ancestry]
   674 | D:1      | Reached XP level 2. HP: 23/24 MP: 3/3
   836 | D:1      | Reached skill level 3 in Maces & Flails
  1482 | D:2      | Noticed Terence
  1495 | D:2      | Killed Terence
  1496 | D:2      | Reached XP level 3. HP: 21/29 MP: 5/5
  1554 | D:2      | Learned a level 2 spell: Scorch
  2050 | D:2      | Gained mutation: You are partially covered in sharp spines.
                  | [demonic ancestry]
  2050 | D:2      | Reached XP level 4. HP: 21/35 MP: 2/6
  2302 | D:2      | Found a runed translucent door.
  2303 | D:2      | Noticed Crazy Yiuf
  2516 | D:3      | Identified a scroll of acquirement
  2516 | D:3      | Acquired the ring of Midnight {rElec rF- rCorr Dex+5
                  | Slay+4}
  2667 | D:3      | Found a glowing drain.
  2681 | Sewer    | Entered a sewer
  2729 | Sewer    | Gained mutation: You are mostly covered in sharp spines.
                  | [demonic ancestry]
  2729 | Sewer    | Reached XP level 5. HP: 42/42 MP: 8/8
  2757 | Sewer    | Reached skill level 4 in Maces & Flails
  2913 | D:3      | Reached skill level 1 in Armour
  2928 | D:3      | Found a runed translucent gate.
  2929 | D:3      | Found a runed translucent gate.
  2930 | D:3      | Found a runed translucent gate.
  2980 | D:3      | Noticed JaredAshtonScott's ghost (weakling DgTm)
  3016 | D:3      | Found a broken altar of Ashenzari.
  3395 | D:4      | Reached XP level 6. HP: 46/48 MP: 9/9
  4346 | D:4      | Reached skill level 5 in Maces & Flails
  4363 | D:4      | Found an ancient bone altar of Kikubaaqudgha.
  4420 | D:4      | Gained mutation: A meltable shield of frost defends you.
                  | (SH +4) [demonic ancestry]
  4420 | D:4      | Reached XP level 7. HP: 52/55 MP: 10/10
  4624 | D:4      | Slain by a wight

Illustrated notes

Levels and vault maps discovered:
D:1:      tarquinn_simple_flora_water_d, layout_basic, basic_ecumenical_altar,
          minmay_pentomino_t2
D:2:      kennysheep_six_static_rooms, layout_rooms, uniq_terence,
          uniq_crazy_yiuf_cottage
D:3:      layout_rooms, lemuel_tele_altar, portal_sewer_entry_d,
          gammafunk_ghost_icy, guppyfry_early_orc_mine
D:4:      layout_basic, lemuel_mausoleum_altar_kikubaaqudgha

Skill      XL: |  1  2  3  4  5  6 |
---------------+-------------------+-----
Maces & Flails | 3 4 5 |  5.5
Fire Magic     | 3 4 |  4.0
Spellcasting   | 2 |  2.0
Fighting       | 4 |  4.7
Armour         | 1 2 |  2.4

Action                   |  1- 3 |  4- 6 |  7- 9 || total
-------------------------+-------+-------+-------++-------
Melee: Mace              |    66 |    92 |       ||   158
       Kick              |     9 |    10 |       ||    19
       Punch             |     2 |       |       ||     2
       Flail             |       |    42 |     7 ||    49
 Cast: Scorch            |     9 |    11 |    11 ||    31
Invok: Fiery Armour      |     1 |     1 |     1 ||     3
       Foxfire Swarm     |     1 |     1 |       ||     2
  Use: Scroll            |     1 |     6 |       ||     7
 Stab: Sleeping          |     1 |       |       ||     1
Armor: Robe              |    14 |       |       ||    14
       Leather armour    |     3 |    20 |     1 ||    24
Dodge: Dodged            |    28 |    68 |     6 ||   102
Block: Other             |       |       |     1 ||     1

Table legend: (Time is in decaauts)
 A = Elapsed time spent in this place.
 B = Non-inter-level travel time spent in this place.
 C = Inter-level travel time spent in this place.
 D = Time resting spent in this place.
 E = Time spent auto-exploring this place.
 F = Levels seen in this place.
 G = Mean time per level.
                   A        B        C        D        E       F      G
               +--------+--------+--------+--------+--------+-----+--------+
         Total |   4700 |   4596 |    104 |     89 |   3725 |   5 |  940.0 |
       Dungeon |   4448 |   4344 |    104 |     89 |   3647 |   4 | 1112.0 |
         Sewer |    252 |    252 |      0 |      0 |     77 |   1 |  252.0 |
               +--------+--------+--------+--------+--------+-----+--------+

Top non-repeatable levels by time:
     D:2: 1339 daAuts
     D:4: 1296 daAuts
     D:1: 1188 daAuts
     D:3: 623 daAuts
   Sewer: 252 daAuts
